 Dungeon Crawl Stone Soup version 0.17.0-15-g6d90897 (webtiles) character file.

153 4thArraOfDagon the Ruffian (level 5, -12/53 HPs)
             Began as a Troll Monk on Nov 10, 2015.
             Mangled by a two-headed ogre
             ... wielding a +0 giant club
              (22 damage)
             ... on level 5 of the Dungeon.
             The game lasted 00:04:01 (852 turns).

4thArraOfDagon the Ruffian (Troll Monk)              Turns: 852, Time: 00:04:01

Health: -12/53     AC:  5    Str: 19    XL:     5   Next: 12%
Magic:  4/4        EV: 11    Int:  7    God:
Gold:   95         SH:  0    Dex: 12    Spells: 1 memorised, 2 levels left

rFire  . . .     SeeInvis +       - Unarmed
rCold  . . .     Clarity  .     i - +0 robe (curse)
rNeg   . . .     SustAt   .     (no shield)
rPois  .         Gourm    +     (helmet restricted)
rElec  .         Spirit   .     (no cloak)
rCorr  .         Warding  .     (gloves unavailable)
rMut   .         Stasis   .     (boots unavailable)
MR     .....                    (no amulet)
Stlth  +.........               (no ring)
                                j - ring of see invisible

@: repel missiles, not resistant to hostile enchantments, very unstealthy
A: unfitting armour, claws 3, fast metabolism 3, gourmand, regeneration 2,
shaggy fur 1, tough skin 2
a: no special abilities


You were on level 5 of the Dungeon.
You were full.

You visited 2 branches of the dungeon, and saw 6 of its levels.

You collected 95 gold pieces.

Inventory:

Armour
 i - a cursed +0 robe (worn)
Jewellery
 j - a ring of see invisible (left claw)
Scrolls
 c - 2 scrolls of fog {unknown}
 d - 3 scrolls of remove curse {unknown}
 e - 5 scrolls of teleportation {unknown}
 f - a scroll of identify {unknown}
 g - a scroll of magic mapping {unknown}
Potions
 a - 2 potions of heal wounds
 k - a potion of might {unknown}
 l - a potion of haste {unknown}
 m - a potion of mutation {unknown}
 o - a potion of degeneration {unknown}
 p - a potion of resistance {unknown}
Books
 h - a book of Air

   Spells                             Type                      Level
   a - Shock                          Conjuration/Air              1
   b - Swiftness                      Charms/Air                   2
   c - Repel Missiles                 Charms/Air                   2
   d - Static Discharge               Conjuration/Air              3
   e - Lightning Bolt                 Conjuration/Air              5
Comestibles
 b - 2 bread rations
 n - a royal jelly


   Skills:
 + Level 3.1 Fighting
 + Level 3.3 Dodging
 - Level 1.1 Stealth
 * Level 5.2 Unarmed Combat


You had 2 spell levels left.
You knew the following spells:

 Your Spells              Type           Power        Failure   Level  Hunger
a - Repel Missiles        Chrm/Air       #.....       73%         2    ###....


Dungeon Overview and Level Annotations

Branches:
Dungeon (5/15)             Temple (1/1) D:4

Altars:
Ashenzari
Dithmenos
Fedhas
Gozag
Kikubaaqudgha
Okawaru
Qazlal
Sif Muna
Trog
Xom
Yredelemnul
Zin
The Shining One

Annotations:
D:3 Chiseanne's ghost, amateur DEAK
D:4 Chiseanne's ghost, amateur DEAK


Innate Abilities, Weirdness & Mutations

You are too large for most types of armour.
You have claws for hands.
Your metabolism is lightning-fast.
You like to eat raw meat.
You heal very quickly.
You are covered in fur (AC +1).
You have very tough skin (AC +2).


Message History

The two-headed ogre hits you with a giant club!
You barely miss the two-headed ogre. You barely miss the two-headed ogre.
The two-headed ogre misses you. The two-headed ogre closely misses you.
You claw the two-headed ogre!
You claw the two-headed ogre, but do no damage.
The two-headed ogre is moderately wounded.
The two-headed ogre misses you. The two-headed ogre closely misses you.
You scratch the two-headed ogre.
The two-headed ogre is heavily wounded.
You scratch the two-headed ogre.
The two-headed ogre is heavily wounded.
The two-headed ogre hits you with a giant club!
The two-headed ogre hits you with a giant club.
You scratch the two-headed ogre.
The two-headed ogre is severely wounded.
The two-headed ogre hits you with a giant club!!
* * * LOW HITPOINT WARNING * * *
The two-headed ogre hits you with a giant club!!
You die...

..# ..# ..# #.#
#'#######....!###+# ....
...#....#.....#...#......#
...'....#)....#...#......#
<..#....#.....#..O+......#
...#....#.....+.@.#(.....
#'#######.....#'###......
.....................#
.....................#
.....................#
.....................#
#.....#####.....####....#
#.....# #.....# ....#
#.....# #.....# ....#


You could see a two-headed ogre.

Vanquished Creatures
  An orc wizard (D:3)
  A hound (D:5)
  Natasha (twice) (D:3)
  3 adders
  A shadow imp (D:4)
  2 giant geckos
  An orc (D:5)
  2 giant cockroaches (D:3)
  5 goblins
  6 hobgoblins
  2 jackals (D:1)
  2 kobolds (D:1)
  A quokka (D:5)
  3 bats
  5 rats
37 creatures vanquished.

Notes
Turn   | Place    | Note
--------------------------------------------------------------
     0 | D:1      | 4thArraOfDagon the Troll Monk began the quest for the Orb.
     0 | D:1      | Reached XP level 1. HP: 22/22 MP: 0/0
   106 | D:1      | Reached XP level 2. HP: 21/29 MP: 1/1
   308 | D:3      | Noticed Natasha
   314 | D:3      | Killed Natasha
   314 | D:3      | Reached XP level 3. HP: 33/36 MP: 2/2
   360 | D:3      | Noticed Natasha
   369 | D:3      | Noticed Chiseanne's ghost (amateur DEAK)
   370 | D:3      | Killed Natasha
   370 | D:3      | Reached XP level 4. HP: 41/45 MP: 3/3
   427 | D:2      | Learned a level 2 spell: Repel Missiles
   478 | D:3      | Reached skill level 5 in Unarmed Combat
   598 | D:4      | Noticed Chiseanne's ghost (amateur DEAK)
   635 | D:4      | Found a basalt altar of Yredelemnul.
   648 | D:5      | Entered Level 5 of the Dungeon
   692 | D:4      | Found a staircase to the Ecumenical Temple.
   703 | Temple   | Entered the Ecumenical Temple
   741 | D:4      | Noticed a phantom
   809 | D:5      | Reached XP level 5. HP: 48/53 MP: 4/4
   845 | D:5      | Noticed a two-headed ogre
   852 | D:5      | Mangled by a two-headed ogre

Action                   |  1- 3 |  4- 6 || total
-------------------------+-------+-------++-------
Melee: Unarmed           |    60 |    50 ||   110
 Cast: Repel Missiles    |       |     2 ||     2
  Use: Potion            |       |     2 ||     2
 Stab: Sleeping          |     1 |       ||     1
  Eat: Chunk             |     8 |     2 ||    10
